 Dungeon Crawl Stone Soup version 0.21-a0-221-gfe971b9 (console) character file.

37 removed the Poker (level 3, 21/28 HPs)
             Began as a Minotaur Wanderer on Aug 26, 2017.
             Quit the game on level 2 of the Dungeon.
             The game lasted 00:01:27 (1358 turns).

removed the Poker (Minotaur Wanderer)               Turns: 1358, Time: 00:01:27

Health: 21/28      AC:  2    Str: 17    XL:     3   Next: 23%
Magic:  4/4        EV: 11    Int: 10    God:
Gold:   85         SH:  0    Dex:  8    Spells: 4/4 levels left

rFire    . . .     SeeInvis .   b - +0 spear
rCold    . . .     Gourm    .   (no shield)
rNeg     . . .     Faith    .   d - +0 robe
rPois    .         Spirit   .   (helmet restricted)
rElec    .         Reflect  .   (no cloak)
rCorr    .         Harm     .   (no gloves)
MR       .....                  (no boots)
Stlth    +.........             (no amulet)
HPRegen  0.09/turn              (no ring)
MPRegen  0.09/turn              (no ring)

@: no status effects
A: retaliatory headbutt, horns 2
a: no special abilities


You were on level 2 of the Dungeon.
You were not hungry.

You visited 1 branch of the dungeon, and saw 2 of its levels.

You collected 85 gold pieces.

Inventory:

Hand Weapons
 b - a +0 spear (weapon)
 e - a +0 dagger
Armour
 d - a +0 robe (worn)
 s - cursed +0 fire dragon scales
Scrolls
 h - 4 scrolls of identify {unknown}
 j - a scroll of amnesia {unknown}
 l - 2 scrolls of remove curse {unknown}
 n - a scroll of teleportation {unknown}
Potions
 c - 4 potions of curing
 i - a potion of haste {unknown}
 k - a potion of lignification {unknown}
 m - a potion of magic {unknown}
 o - a potion of heal wounds {unknown}
 t - a potion of mutation {unknown}
Books
 a - a book of Minor Magic

   Spells                             Type                      Level
   a - Magic Dart                     Conjuration                  1
   b - Blink                          Translocation                2
   c - Call Imp                       Summoning                    2
   d - Slow                           Hexes                        2
   e - Conjure Flame                  Conjuration/Fire             3
   f - Mephitic Cloud                 Conjuration/Poison/Air       3
Comestibles
 f - a bread ration
 p - a meat ration
 q - a royal jelly
 r - 4 chunks of flesh


   Skills:
 - Level 1.2 Fighting
 + Level 5.2 Polearms
 - Level 1.0 Throwing
 - Level 1.5 Stealth
 - Level 1.3 Spellcasting
   Level 1.0 Hexes


You had 4 spell levels left.
You didn't know any spells.

Dungeon Overview and Level Annotations

Branches:
Dungeon (2/15)

Altars:


Innate Abilities, Weirdness & Mutations

You reflexively headbutt those who attack you in melee.
You have a pair of horns on your head.


Message History

The adder misses you.
You hit the adder.
You kill the adder!
You have reached level 3!
Your experience leads to an increase in your attributes!
Increase (S)trength, (I)ntelligence, or (D)exterity?
You feel stronger.
t - a grey potion A rat is nearby!
You hit the rat.
You kill the rat!
No target in view!
You see here a rat corpse.
You butcher the rat corpse.
r - 4 chunks of flesh (gained 1)
Found a scroll labeled IVOAJE RUCKOKHLAU.
A kobold comes into view.
Found a stone staircase leading down.
A kobold is nearby!
Are you sure you want to abandon this character and quit the game? (Confirm with "yes".)

#.........# ....
.......).# ....
.......### ..... ##
......(. >.... ###.
#..#...
..........#####.##.#
..?...####.........#####
..............##.#.##...
K.....?@.........#......
≈≈≈.≈≈≈≈≈.≈≈≈≈≈..#......
##≈.≈###≈.≈###≈.##.....(
#≈. #≈.≈# #≈......#.. #≈
#≈.≈###≈.###.#... ≈≈
≈≈≈(≈≈≈≈≈.##..#..# .
...........##....##
≈≈≈≈.≈≈≈≈≈.##......
≈.≈###≈.##...#.#


You could see a kobold (sleeping).

Vanquished Creatures
  An adder (D:2)
  A dart slug (D:2)
  A leopard gecko (D:2)
  3 bats
  4 goblins
  5 hobgoblins (D:1)
  A frilled lizard (D:1)
  3 kobolds
  5 rats (D:2)
24 creatures vanquished.

Notes
Turn   | Place    | Note
-------+----------+-------------------------------------------
     0 | D:1      | removed the Minotaur Wanderer began the quest for the Orb.
     0 | D:1      | removed set off with: a book of Minor Magic, a +0 spear, a potion of curing, a +0 robe, a +0 dagger, a bread ration
     0 | D:1      | Reached XP level 1. HP: 16/16 MP: 1/1
   195 | D:1      | Reached skill level 4 in Polearms
   276 | D:1      | Reached XP level 2. HP: 15/23 MP: 3/3
  1228 | D:2      | Reached skill level 5 in Polearms
  1342 | D:2      | Reached XP level 3. HP: 20/28 MP: 4/4
  1358 | D:2      | Quit the game

Vault maps used:
D:1:      dpeg_arrival_round_b
D:2:      kennysheep_boxes

Skill      XL: |  1  2 |
---------------+-------+-----
Polearms       | 4 5 |  5.2
Fighting       | |  1.2
Throwing       | |  1.0
Stealth        | |  1.5
Spellcasting   | |  1.3
Hexes          | |  1.0

Action                   || total
-------------------------++-------
Melee: Spear             ||    70
       Headbutt          ||     6
 Stab: Sleeping          ||     1
  Eat: Chunk             ||     1
Armor: Robe              ||     8
Dodge: Dodged            ||    25

Table legend:
 A = Spawn XP
 B = Non-spawn XP
 C = Spawn XP percentage of total XP
 D = Spawn monster count
 E = Non-spawn monster count
 F = Spawn count percentage of total count
 G = Total turns spent on level
                    A         B        C        D         E        F      G
               +---------+---------+-------+---------+---------+-------+---------
         Total |       2 |      52 |   3.7 |       1 |      23 |   4.2 |  1358
               +---------+---------+-------+---------+---------+-------+---------
           D:1 |       2 |      19 |   9.5 |       1 |      11 |   8.3 |  1086
           D:2 |       0 |      33 |   0.0 |       0 |      12 |   0.0 |   272
               +---------+---------+-------+---------+---------+-------+---------
